Map: Kairos Junction LE

Players

PtitDrogo - Winner!

  • Race: Protoss Protoss
  • Spawn Location: 11:00

Marinelord

  • Race: Terran Terran
  • Spawn Location: 5:00

Event: 2019 WCS Spring

VOD

Have the link to the VOD?

Description

Time

  • Played on: May 17, 2019, 7:42 a.m.
  • Length: 12:35

All games in this series

Show
View Real Time Build Order
Export as new Build Order

PtitDrogo Protoss - Winner!

Build Orders: 1 Gate Expand, Zealot Archon 

Get SALT Encoding   

  12  0:00  Probe  
  13  0:12  Probe  
  14  0:18  Pylon  
  14  0:24  Probe  
  15  0:34  Probe  
  15  0:37  Gateway  
  15  0:42  Probe  
  16  0:48  Assimilator  
  17  0:52  Probe  
  18  1:04  Probe  
  19  1:16  Probe  
  20  1:24  Cybernetics Core  
  20  1:33  Nexus  
  20  1:39  Pylon  
  20  1:42  Probe  
  21  1:48  Assimilator  
  21  1:50  Adept  
  21  1:54  Probe  
  24  2:01  Warp Gate  
  24  2:06  Probe  
  25  2:11  Stalker  
  25  2:18  Probe  
  28  2:30  Probe  
  29  2:40  Robotics Facility  
  29  2:42  Probe  
  30  2:48  Stalker  
  32  2:51  Probe  
  32  2:54  Probe  
  34  3:03  Probe  
  34  3:05  Probe  
  35  3:11  Probe  
  36  3:13  Probe  
  36  3:14  Gateway  
  36  3:17  Gateway  
  36  3:19  Probe  
  38  3:21  Probe  
  38  3:23  Sentry  
  42  3:29  Pylon  
  42  3:30  Probe  
  42  3:31  Observer  
  42  3:33  Probe  
  45  3:42  Probe  
  45  3:45  Assimilator  
  45  3:47  Assimilator, Probe  
  47  3:50  Twilight Council  
  47  3:53  Forge  
  47  3:54  Probe  
  47  3:55  Observer  
  49  3:59  Probe  
  50  4:05  Pylon  
  50  4:06  Probe  
  50  4:09  Charge  
  51  4:11  Probe  
  51  4:12  Stalker  
  54  4:18  Protoss Ground Armor Level 1  
  54  4:23  Probe x2  
  54  4:24  Observer  
  57  4:32  Shield Battery  
  57  4:35  Shield Battery  
  57  4:38  Stalker  
  57  4:41  Stalker  
  61  4:46  Stalker  
  62  4:57  Probe  
  62  5:05  Pylon  
  62  5:07  Templar Archives  
  62  5:10  Gateway x2  
  62  5:15  Gateway  
  62  5:16  Gateway  
  62  5:22  Gateway, Warp Prism  
  64  5:30  Pylon  
  64  5:31  Pylon  
  64  5:34  Stalker  
  66  5:37  Stalker  
  58  5:45  Stalker  
  58  5:48  Pylon  
  60  5:51  Pylon  
  60  5:57  Immortal  
  62  6:06  High Templar x2  
  62  6:09  Zealot  
  62  6:10  Zealot  
  63  6:12  Archon  
  63  6:18  Zealot x2  
  65  6:30  High Templar x2  
  69  6:33  Probe x2  
  69  6:36  Archon  
  71  6:40  Zealot x2  
  71  6:41  Zealot x2  
  78  6:47  Probe  
  78  6:59  Probe  
  73  7:02  Probe  
  62  7:09  Zealot  
  62  7:10  Zealot x2  
  62  7:11  Probe  
  62  7:14  Probe  
  62  7:16  Protoss Ground Weapons Level 1  
  62  7:23  Probe  
  63  7:30  High Templar x2  
  63  7:31  High Templar x2  
  63  7:32  Zealot x2  
  63  7:34  Archon  
  63  7:35  Archon  
  75  7:43  Pylon  
  75  7:57  Zealot x2  
  77  8:03  Zealot x3  
  71  8:15  Probe  
  71  8:19  Probe  
  69  8:25  Nexus  
  67  8:27  Probe, Pylon  
  67  8:30  Gateway x2  
  67  8:33  Sentry  
  69  8:34  High Templar  
  69  8:35  High Templar  
  69  8:38  High Templar  
  69  8:39  High Templar  
  76  8:43  Archon  
  76  8:44  Archon  
  76  8:50  Zealot  
  76  8:54  Probe x2  
  80  8:57  Zealot  
  82  9:06  High Templar  
  82  9:07  High Templar  
  86  9:11  Zealot x2  
  86  9:12  Zealot, Archon  
  92  9:22  Probe  
  92  9:23  Probe  
  86  9:34  Zealot x5  
  90  9:40  Immortal  
  90  9:42  Probe  
  77  9:50  Blink  
  79  9:56  Sentry x2  
  79  9:57  Zealot x2  
  86  10:00  Zealot  
  88  10:10  Pylon  
  88  10:11  Protoss Ground Weapons Level 2  
  88  10:17  Immortal  
  92  10:22  Pylon  
  92  10:38  Pylon  
  88  10:43  Zealot x3, High Templar x2  
  88  10:44  Zealot x3  
  88  10:47  Archon  
  104  11:01  Immortal  
  102  11:07  Zealot x2  
  102  11:08  Zealot x4  
  118  11:17  Zealot x2  
  116  11:28  Zealot x5  
  120  11:38  Stalker  
  120  11:39  Stalker  
  114  11:41  Zealot  
  110  12:02  High Templar x3  
  110  12:03  High Templar  
  110  12:04  Zealot x3  
  110  12:06  Archon  
  110  12:07  Archon  
Show
View Real Time Build Order
Export as new Build Order

Marinelord Terran 

Build Orders: Gas First Reaper Expand 

Get SALT Encoding   

  12  0:00  SCV  
  13  0:12  SCV  
  14  0:16  Supply Depot  
  14  0:25  SCV  
  14  0:27  Refinery  
  15  0:38  SCV  
  16  0:44  Barracks  
  16  0:50  SCV  
  17  1:02  SCV  
  18  1:14  SCV  
  19  1:30  Orbital Command  
  19  1:31  Reaper  
  20  1:43  Command Center  
  20  1:57  Factory  
  20  1:58  SCV  
  21  2:04  Barracks Reactor  
  21  2:10  SCV  
  21  2:12  Supply Depot  
  22  2:17  Refinery  
  22  2:22  SCV  
  23  2:34  SCV  
  24  2:41  Starport  
  24  2:46  SCV  
  24  2:48  Hellion x2  
  29  2:55  Orbital Command  
  29  2:59  SCV  
  30  3:11  Hellion x2  
  34  3:14  Barracks Tech Lab  
  34  3:16  SCV  
  35  3:22  SCV  
  36  3:28  SCV  
  37  3:35  SCV  
  37  3:39  Banshee  
  41  3:42  Supply Depot  
  41  3:43  Factory Tech Lab  
  41  3:44  Marine x2  
  41  3:46  SCV  
  41  3:47  SCV  
  45  3:54  Supply Depot  
  45  3:58  SCV  
  46  4:04  SCV, Marine x2  
  46  4:05  Siege Tank  
  52  4:10  SCV  
  52  4:16  SCV  
  52  4:17  Supply Depot  
  54  4:21  Marine x2  
  54  4:22  SCV  
  57  4:24  Banshee  
  61  4:34  SCV  
  61  4:38  Siege Tank  
  61  4:39  Marine  
  61  4:42  Supply Depot  
  61  4:43  SCV  
  61  4:45  Command Center  
  66  4:47  SCV  
  67  4:55  SCV  
  67  4:57  Marine  
  67  4:58  Marine  
  70  5:03  Supply Depot  
  70  5:04  SCV, Supply Depot  
  71  5:07  SCV, Raven  
  74  5:15  Siege Tank  
  74  5:16  SCV  
  74  5:21  Barracks  
  78  5:23  Barracks  
  78  5:24  SCV  
  78  5:28  SCV  
  80  5:31  Marine x2  
  82  5:36  SCV  
  82  5:40  SCV  
  84  5:48  SCV  
  84  5:49  Siege Tank  
  88  5:50  Bunker  
  88  5:52  SCV  
  88  5:54  Bunker  
  88  5:56  Refinery  
  89  5:57  Refinery  
  89  5:58  Marine  
  89  6:01  SCV x2  
  92  6:05  Marine  
  92  6:07  Starport Reactor  
  92  6:08  SCV  
  94  6:13  Barracks Tech Lab  
  94  6:15  Marine  
  94  6:16  Engineering Bay  
  95  6:18  SCV  
  95  6:23  Marine  
  95  6:25  SCV, Bunker  
  97  6:26  Bunker  
  97  6:29  Siege Tank  
  101  6:33  Marine  
  101  6:34  Orbital Command  
  101  6:36  SCV  
  101  6:38  SCV  
  104  6:46  Marine x2  
  104  6:47  Stimpack  
  104  6:49  SCV  
  104  6:50  SCV  
  105  6:58  Bunker, Marine x2  
  105  7:01  SCV  
  102  7:02  SCV  
  102  7:03  Siege Tank  
  102  7:04  Marine x2  
  89  7:08  SCV  
  89  7:12  Combat Shield  
  89  7:15  Medivac  
  85  7:16  Medivac, Marine x2  
  85  7:22  Marine  
  87  7:24  Marauder, Supply Depot  
  87  7:25  Supply Depot  
  89  7:33  Terran Infantry Weapons Level 1, Engineering Bay  
  89  7:34  Barracks x2  
  89  7:41  Orbital Command, Marine x2  
  89  7:42  Marauder  
  93  7:46  Marauder, Factory Reactor  
  95  7:52  Medivac  
  95  7:58  SCV  
  97  7:59  Marine x2  
  97  8:00  SCV  
  97  8:03  Marauder  
  92  8:07  Marauder  
  92  8:10  SCV  
  92  8:11  SCV  
  81  8:16  SCV  
  81  8:17  Marine x2  
  74  8:24  SCV x2, Marine  
  74  8:25  Marauder  
  63  8:29  Marauder  
  63  8:31  SCV  
  66  8:35  Marine x2  
  66  8:36  SCV x2  
  70  8:43  SCV  
  70  8:46  Marauder  
  70  8:48  SCV x2  
  76  8:49  Concussive Shells, Marine  
  76  8:51  Barracks Reactor  
  76  8:52  Medivac  
  76  8:53  Medivac, Marine  
  81  8:56  SCV  
  81  8:59  Marine  
  81  9:00  SCV x2  
  85  9:07  Marauder  
  85  9:08  SCV  
  85  9:09  Widow Mine x2  
  92  9:10  Marine  
  92  9:12  SCV  
  92  9:14  Marauder x2  
  92  9:15  SCV  
  99  9:19  Marine  
  99  9:20  SCV  
  101  9:24  SCV  
  101  9:27  SCV  
  101  9:32  SCV  
  101  9:36  SCV  
  101  9:38  Marauder  
  75  9:47  Marine x2  
  75  9:48  Marine x2  
  78  9:54  Medivac x2  
  78  9:55  Widow Mine x2  
  78  9:58  SCV x2  
  78  9:59  SCV  
  89  10:00  Terran Infantry Armor Level 1  
  93  10:07  Marauder x2  
  93  10:10  SCV, Marine  
  93  10:11  SCV x2  
  97  10:15  Orbital Command  
  97  10:16  Marine x4  
  105  10:21  Widow Mine x2  
  105  10:27  Marine  
  108  10:28  Marauder  
  108  10:31  Medivac x2  
  112  10:39  Marauder  
  112  10:41  SCV x2  
  115  10:43  SCV  
  115  10:45  Marine  
  115  10:49  Supply Depot x2  
  117  10:51  Marine  
  117  10:52  Marauder  
  117  10:55  Marauder, Marine x2  
  117  10:56  SCV  
  125  11:08  Marine  
  125  11:10  Marine  
  125  11:11  SCV x3, Marauder  
  131  11:12  Marine  
  131  11:13  Marauder  
  134  11:23  SCV  
  132  11:27  Marine x2  
  132  11:28  Marauder, Marine  
  132  11:30  SCV  
  132  11:32  Marauder  
  130  11:38  Marauder, Marine  
  108  11:45  Marine  
  107  11:49  Marauder  
  107  11:52  SCV  
  111  11:56  Marine x4  
  111  11:59  Marine  
  116  12:01  Medivac x2  
  116  12:08  Marine, Widow Mine  
  120  12:10  Marine  
  120  12:14  Marine  
Tags
 
Add a new tag
Caveats
  • Supply blocks, unpowered buildings, or Contaminate may cause inaccurate times.
  • Supply counts are checked every 10 seconds.